Unix NetHack Version 5.0.0-0 post-release - last build May 30 2026 05:04:26 (55804bc15828dd6e32e9076e0726aa6fccb6e981,branch:main).

Game began 2026-05-30 19:55:03, ended 2026-05-30 20:17:48.

DaveT, lawful male human Priest

                    ------
                    |.%..|
              ######.^{..|
              #     ----.-
     ---------#         ####################                       --------
     |!%/.%!+|#         #              #   ########                |......|
     |%%!!!%.-#       ###        ---------       -.----            |......|
     |%%(%!%.|        #          -...<...|       +....|     #######.......|
     ---------        #          |.......-       |.....######      |>.....|
                      #       # #-.......|       .....|            |......|
                    --.----- ####---------       ------            -----.--
                    |.......###                                         #
                    |......|#                                           #
                    |.......%      #                            #       #
    --h.            |......|############################*%#################
    |@e.############.......|     #   #  #   #   #   #   #   #   #   #   #
    |.el            --------     #   #  #   #   #   #   #   #   #   #   #
    ---.                         #   #  #   #   #   #   #   #   #   #   #

DaveT the Adept              St:12 Dx:14 Co:14 In:11 Wi:18 Ch:10  Lawful
Dlvl:3  $:1381 HP:0(46) Pw:95(100) AC:0  Xp:7 T:5221  Burdened

Latest messages:
 Suddenly one of the Vault's guards enters!
 "I'll be back when you're ready to speak to me!"
 You hear bubbling water.
 Suddenly one of the Vault's guards enters!
 "I'll be back when you're ready to speak to me!"
 Suddenly one of the Vault's guards enters!
 "I'll be back when you're ready to speak to me!"
 You hear crashing rock.
 Suddenly one of the Vault's guards enters!
 "I'll be back when you're ready to speak to me!"
 You hear crashing rock.
 You can move again.
 What do you want to throw? [$aczAK or ?*] ?
 In what direction? u
 The dagger misses the floating eye.
 You feel tough!
 You must have been leading a healthy life-style.
 The dagger hits the floating eye.
 The dagger hits the floating eye.
 The dagger hits the floating eye.
 What do you want to throw? [$aczA or ?*] ?
 In what direction? u
 The dart hits the floating eye.
 The dart hits the floating eye.
 The dart misses the floating eye.
 The dart hits the floating eye.
 The dart misses the floating eye.
 The dart misses the floating eye.
 The dart hits the floating eye.
 The dart hits the floating eye.
 Suddenly one of the Vault's guards enters!
 "Hello stranger, who are you?" - Croesus
 "Oh, yes, of course.  Sorry to have disturbed you."
 What do you want to throw? [$aczA or ?*] A
 In what direction? u
 The dart hits the floating eye.
 The dwarf swings his broad pick.
 The dwarf hits!
 The dwarf swings his broad pick.
 The dwarf hits!
 You miss the dwarf.
 The dwarf swings his broad pick.
 The dwarf hits!
 In what direction? .
 You feel better.
 The dwarf swings his broad pick.
 The dwarf hits!
 You die...
 Do you want your possessions identified? [ynq] (y) y
 Do you want to see your attributes? [ynq] (y) q

Inventory:
 Coins    ('$')
  $ - 1381 gold pieces
 Weapons  (')')
  A - a +0 dart
  c - a +0 orcish dagger
  z - a blessed +1 aklys
  a - a blessed corroded +3 mace
 Armor    ('[')
  Q - a +0 orcish helm (being worn)
  u - a +0 mummy wrapping
  b - a +0 robe (being worn)
  M - a +0 plate mail (being worn)
 Comestibles  ('%')
  e - a clove of garlic
  P - a cram ration
  f - a sprig of wolfsbane
 Scrolls  ('?')
  N - a blessed scroll of blank paper
  d - 2 scrolls of blank paper
  R - a scroll of blank paper
 Spellbooks  ('+')
  h - a blessed spellbook of extra healing
  g - a spellbook of healing
 Potions  ('!')
  C - a cursed potion of fruit juice
 Rings    ('=')
  j - a cursed ring of polymorph
 Wands    ('/')
  m - a cursed wand of create monster (0:10)
  H - a wand of striking (0:0)
 Tools    ('(')
  i - a magic marker (0:20)
  J - a +0 pick-axe (weapon in right hand)
  D - a skeleton key
  B - a wax candle
 Gems/Stones  ('*')
  X - a worthless piece of violet glass

DaveT the Priest's attributes:

Background:
 You were an Adept, a level 7 human Priest.
 You were lawful, on a mission for Amaterasu Omikami
 who was opposed by Raijin (neutral) and Susanowo (chaotic).
 You were right-handed.
 You were in the Dungeons of Doom, on level 3.
 You entered the dungeon 5221 turns ago.
 You had 787 experience points, 493 more were needed to attain level 8.

Basics:
 You had 0 out of 46 hit points.
 You had 95 out of 100 energy points (spell power).
 Your armor class was 0.
 Your wallet contained 1381 zorkmids.
 Autopickup was off.

Final Characteristics:
 Your strength was 12 (limit:18/100).
 Your dexterity was 14 (limit:18).
 Your constitution was 14 (limit:18).
 Your intelligence was 11 (limit:18).
 Your wisdom was 18 (limit:18).
 Your charisma was 10 (limit:18).

Final Status:
 You weren't hungry.
 You were burdened; movement was slightly slowed.
 You were wielding a pick-axe.
 You had no skill with pick-axe.

Final Attributes:
 You were piously aligned.
 You were telepathic.
 You were guarded.
 Your spell casting was impaired by metallic armor, mitigated by your robe.
 You are dead.

Miscellaneous:
 You didn't encounter any bones levels.
 Total elapsed playing time was 22 minutes and 44 seconds.

Major events:
 Turn
    1: DaveT the lawful human Priest entered the dungeon
  666: attained the rank of Acolyte (level 3)
 1233: entered the Gnomish Mines
 1748: attained the rank of Adept (level 6)
 5221: killed by a dwarf

Spells:
 Name                 Level Category     Fail Retention
 healing                1   healing       31%   51%-75%
 extra healing          3   healing       98%   51%-75%
 cure blindness         2   healing       80%  76%-100%

Skills:
 Fighting Skills
   bare handed combat [Unskilled]
 Weapon Skills
   club               [Unskilled]
   mace               [Basic]
   morning star       [Unskilled]
   flail              [Unskilled]
   hammer             [Unskilled]
   quarterstaff       [Unskilled]
   polearms           [Unskilled]
   spear              [Unskilled]
   trident            [Unskilled]
   lance              [Unskilled]
   bow                [Unskilled]
   sling              [Unskilled]
   crossbow           [Unskilled]
   dart               [Unskilled]
   shuriken           [Unskilled]
   boomerang          [Unskilled]
   unicorn horn       [Unskilled]
 Spellcasting Skills
   healing spells     [Unskilled]
   divination spells  [Unskilled]
   clerical spells    [Basic]

Voluntary challenges:
 Character rerolling was not enabled.
 You never genocided any monsters.
 You never polymorphed an object.
 You never changed form.
 You used no wishes.
Achievements:
 You entered a shop.
 You attained the rank of Acolyte.
 You entered the Gnomish Mines.
 You attained the rank of Adept.

 The Dungeons of Doom: levels 1 to 5
    Level 1:
    Level 2: "vault"
       A potion shop, a fountain.
    Level 3: "vault" <- You were here.
       A general store, a fountain.
       Final resting place for
          you, killed by a dwarf.
    Level 4:
       Stairs down to The Gnomish Mines.
    Level 5:
 The Gnomish Mines: levels 5 to 7
    Level 5:
    Level 6:
    Level 7:


Vanquished creatures:
  a large mimic
  a leprechaun
  a dwarf mummy
  a dog
  a human zombie
  a bugbear
  a water nymph
  3 Mordor orcs
  3 rock piercers
  a fog cloud
  3 yellow lights
  6 gnome leaders
  a kobold mummy
  a paper golem
  2 floating eyes
  4 dwarves
  a homunculus
  a kobold shaman
  2 rothes
  a rabid rat
  a giant bat
  2 orc zombies
  2 iguanas
  4 acid blobs
  2 coyotes
  2 gas spores
  a hobbit
  a large kobold
  a hobgoblin
  a giant rat
  2 cave spiders
  a yellow mold
  a green mold
  2 red molds
 15 gnomes
  9 garter snakes
  2 gnome zombies
  8 jackals
  a fox
  3 kobolds
  2 goblins
  2 sewer rats
 10 grid bugs
  a bat
  3 lichens
  6 newts
121 creatures vanquished.

No species were genocided or became extinct.

Game over:
                       ----------
                      /          \
                     /    REST    \
                    /      IN      \
                   /     PEACE      \
                  /                  \
                  |      DaveT       |
                  |     1381 Au      |
                  |   killed by a    |
                  |      dwarf       |
                  |                  |
                  |                  |
                  |       2026       |
                 *|     *  *  *      | *
        _________)/\\_//(\/(/\)/\//\/|_)_______

Goodbye DaveT the Priest...

You died in The Dungeons of Doom on dungeon level 3 with 4791 points,
and 1381 pieces of gold, after 5221 moves.
You were level 7 with a maximum of 46 hit points when you died.

